Ducks vs Flames

Created - December 22 2006 at 19:30

Goals
1 2 3 T
Ducks 1 0 3 4
Flames 1 0 1 2
Shots
1 2 3 T
Ducks 8 10 8 26
Flames 11 9 13 33

Period #1

1. Ducks , Ryan Getzlaf 2 (Ladislav Nagy, Sean O'Donnell) at 1:24
2. Flames , Tony Amonte 4 (Andrei Zyuzin, Jarome Iginla) at 10:57

Penalities :
Travis Green (ANA) for Kneeing (Major) at 4:34, Jarome Iginla (CGY) for Cross-checking (Minor) at 6:15, Mike Van Ryn (ANA) for Kneeing (Major) at 14:37

Period #2

No Goal

Penalities :
Brian Willsie (CGY) for Elbowing (Minor) at 2:20, Sean O'Donnell (ANA) for Charging (Minor) at 9:50, Sean O'Donnell (ANA) for Charging (Minor) at 15:36, Andrei Zyuzin (CGY) for High sticking (Minor) at 19:12

Period #3

3. Flames , Joe Nieuwendyk 6 (Daymond Langkow, Craig Conroy) at 11:03
4. Ducks , Ryan Getzlaf 3 (Ladislav Nagy) at 11:31
5. Ducks , Teemu Selanne 7 (Jozef Stumpel) at 14:34
6. Ducks , Ladislav Nagy 7 (Mike Van Ryn, Ryan Getzlaf) at 19:09 (Empty Net)

Penalities :
Samuel Pahlsson (ANA) for Kneeing (Major) at 2:08, Andrew Ference (CGY) for Hooking (Minor) at 6:02, Andrei Zyuzin (CGY) for Checking from behind (Major) at 10:05, Chris Pronger (ANA) for Kneeing (Major) at 10:05, Rob Niedermayer (ANA) for Tripping (Minor) at 16:28, Bill Guerin (CGY) for Hooking (Minor) at 19:35

Goalie Stats

JS Giguere (ANA), 31 saves from 33 shots - (0.939), W, 5-3-4, 60:00 minutes
Ed Belfour (CGY), 22 saves from 25 shots - (0.880), L, 4-2-0, 60:00 minutes

Players Stats

Ducks
Player Name              G  A  P  +/- PIM S  H  SB FO MP 
-----------------------------------------------------------
Andy McDonald            0  0  0   0  0   2  0  0  1  17 
Chris Kunitz             0  0  0  -1  0   2  0  0  3  12 
Chris Pronger            0  0  0  -1  5   0  0  0  0  23 
Corey Perry              0  0  0   0  0   0  0  0  0  3  
Francois Beauchemin      0  0  0   1  0   0  0  2  0  23 
Jason Marshall           0  0  0   0  0   1  3  2  0  13 
Joe Dipenta              0  0  0   0  0   0  0  0  0  0  
Jozef Stumpel            0  1  1  -1  0   0  0  0  28 18 
Ladislav Nagy            1  2  3   3  0   5  0  1  1  17 
Mike Van Ryn             0  1  1   3  5   2  1  2  0  19 
Rob Niedermayer          0  0  0   2  2   1  1  0  0  19 
Ryan Getzlaf             2  1  3   3  0   5  0  0  25 17 
Samuel Pahlsson          0  0  0   0  5   1  0  2  16 19 
Scott Niedermayer        0  0  0  -1  0   1  0  2  0  24 
Sean O'Donnell           0  1  1   2  4   0  1  0  0  19 
Teemu Selanne            1  0  1  -1  0   5  0  0  4  20 
Todd Marchant            0  0  0   0  0   0  0  1  11 9  
Travis Green             0  0  0   0  5   1  0  0  0  18 
Flames
Player Name              G  A  P  +/- PIM S  H  SB FO MP 
-----------------------------------------------------------
Alex Tanguay             0  0  0   0  0   4  1  0  1  21 
Andrei Zyuzin            0  1  1   0  7   2  3  0  0  18 
Andrew Ference           0  0  0   0  2   2  1  0  0  23 
Bill Guerin              0  0  0   0  2   2  1  0  2  16 
Brian Willsie            0  0  0   0  2   3  0  0  1  13 
Bryan Marchment          0  0  0   0  0   0  2  0  0  14 
Craig Conroy             0  1  1   0  0   2  0  0  29 21 
Daymond Langkow          0  1  1  -1  0   3  0  1  23 24 
Jarome Iginla            0  1  1   1  2   5  0  0  10 20 
Jaroslav Modry           0  0  0  -1  0   1  0  0  0  24 
Joe Nieuwendyk           1  0  1   0  0   5  0  0  12 19 
Jussi Jokinen            0  0  0  -1  0   0  0  0  0  5  
Kristian Huselius        0  0  0  -1  0   0  0  0  0  15 
Matthew Lombardi         0  0  0  -2  0   0  0  0  0  6  
Rhett Warrener           0  0  0  -2  0   1  0  0  0  19 
Robyn Regehr             0  0  0  -1  0   0  1  2  0  24 
Stephane Yelle           0  0  0  -1  0   0  0  0  9  5  
Tony Amonte              1  0  1   0  0   3  0  0  2  16 

3 Stars

1 - Ryan Getzlaf (ANA)
2 - Ladislav Nagy (ANA)
3 - JS Giguere (ANA)

Power Play

Ducks - 0 on 5 Attempt(s) - 0.00%
Flames - 0 on 6 Attempt(s) - 0.00%

Penalty Kill

Ducks - 6 on 6 Attempt(s) - 100.00% - Score 0 goal in Penalty Kill
Flames - 5 on 5 Attempt(s) - 100.00% - Score 0 goal in Penalty Kill

Game Notes

Ladislav Nagy has scored in a empty net!

Finance

Level 1 -- Attendance: 6449 (99.21%) -- Ticket Income $580,410.00
Level 2 -- Attendance: 4878 (88.69%) -- Ticket Income $268,290.00
Level 3 -- Attendance: 2529 (90.81%) -- Ticket Income $75,870.00
Level 4 -- Attendance: 3508 (87.69%) -- Ticket Income $70,160.00
Luxury Box -- Attendance: 1250 (100.00%) -- Ticket Income $150,000.00
Game was played at the Pengrowth Saddledome
Total Attendance: 18614 (92.91%)
Total Ticket Income: $1,180,844.00
Other Expense: $110,618.20
Total Income: $1,070,226.00


Play by Play

Period #1

0:01 of 1st period - Craig Conroy wins face-off versus Jozef Stumpel in neutral zone.
0:36 of 1st period - Shot by Jarome Iginla.
0:36 of 1st period - Stopped by JS Giguere with a rebound.
0:39 of 1st period - Shot by Alex Tanguay.
0:39 of 1st period - Shot Misses the Net.
0:40 of 1st period - Shot by Jaroslav Modry.
0:40 of 1st period - Stopped by JS Giguere without a rebound.
0:41 of 1st period - Daymond Langkow wins face-off versus Ryan Getzlaf in Ducks zone.
0:58 of 1st period - Shot by Ladislav Nagy.
0:58 of 1st period - Stopped by Ed Belfour without a rebound.
0:59 of 1st period - Samuel Pahlsson wins face-off versus Joe Nieuwendyk in Flames zone.
1:13 of 1st period - Off-side.
1:14 of 1st period - Daymond Langkow wins face-off versus Ryan Getzlaf in neutral zone.
1:17 of 1st period - Shot by Bill Guerin.
1:17 of 1st period - Stopped by JS Giguere without a rebound.
1:18 of 1st period - Daymond Langkow wins face-off versus Ryan Getzlaf in Ducks zone.
1:19 of 1st period - Shot by Tony Amonte.
1:19 of 1st period - Shot Blocked by Mike Van Ryn.
1:24 of 1st period - Shot by Ryan Getzlaf.
1:24 of 1st period - Goal by Ryan Getzlaf.
1:25 of 1st period - Samuel Pahlsson wins face-off versus Alex Tanguay in neutral zone.
1:31 of 1st period - Samuel Pahlsson is hit by Alex Tanguay and loses puck.
1:43 of 1st period - Shot by Jarome Iginla.
1:43 of 1st period - Stopped by JS Giguere without a rebound.
1:44 of 1st period - Teemu Selanne wins face-off versus Daymond Langkow in Ducks zone.
1:55 of 1st period - Shot by Chris Pronger.
1:55 of 1st period - Shot Misses the Net.
1:56 of 1st period - Shot by Scott Niedermayer.
1:56 of 1st period - Stopped by Ed Belfour without a rebound.
1:57 of 1st period - Ryan Getzlaf wins face-off versus Brian Willsie in Flames zone.
2:03 of 1st period - Icing by Rhett Warrener.
2:04 of 1st period - Joe Nieuwendyk wins face-off versus Samuel Pahlsson in Flames zone.
2:35 of 1st period - Shot by Andy McDonald.
2:35 of 1st period - Shot Misses the Net.
3:13 of 1st period - Icing by Rhett Warrener.
3:14 of 1st period - Joe Nieuwendyk wins face-off versus Ryan Getzlaf in Flames zone.
3:50 of 1st period - Off-side.
3:51 of 1st period - Daymond Langkow wins face-off versus Jozef Stumpel in neutral zone.
4:00 of 1st period - Shot by Daymond Langkow.
4:00 of 1st period - Stopped by JS Giguere with a rebound.
4:03 of 1st period - Shot by Daymond Langkow.
4:03 of 1st period - Shot Misses the Net.
4:04 of 1st period - Shot by Andrei Zyuzin.
4:04 of 1st period - Stopped by JS Giguere with a rebound.
4:05 of 1st period - Shot by Andrei Zyuzin.
4:05 of 1st period - Stopped by JS Giguere without a rebound.
4:06 of 1st period - Samuel Pahlsson wins face-off versus Craig Conroy in Ducks zone.
4:34 of 1st period - Major Penalty to Travis Green for Kneeing.
4:35 of 1st period - Todd Marchant wins face-off versus Daymond Langkow in Ducks zone.
4:39 of 1st period - Scott Niedermayer is hit by Bill Guerin and loses puck.
4:44 of 1st period - Off-side.
4:45 of 1st period - Todd Marchant wins face-off versus Daymond Langkow in neutral zone.
5:10 of 1st period - Shot by Bill Guerin.
5:10 of 1st period - Shot Blocked by Todd Marchant.
5:11 of 1st period - Shot by Tony Amonte.
5:11 of 1st period - Shot Misses the Net.
5:12 of 1st period - Shot by Bill Guerin.
5:12 of 1st period - Shot Misses the Net.
5:13 of 1st period - Shot by Andrew Ference.
5:13 of 1st period - Shot Misses the Net.
6:15 of 1st period - Minor Penalty to Jarome Iginla for Cross-checking.
6:16 of 1st period - Craig Conroy wins face-off versus Ryan Getzlaf in Ducks zone.
6:30 of 1st period - Icing by Andrew Ference.
6:31 of 1st period - Craig Conroy wins face-off versus Jozef Stumpel in Flames zone.
7:13 of 1st period - Icing by Robyn Regehr.
7:14 of 1st period - Ryan Getzlaf wins face-off versus Joe Nieuwendyk in Flames zone.
7:51 of 1st period - Shot by Daymond Langkow.
7:51 of 1st period - Shot Blocked by Ladislav Nagy.
7:52 of 1st period - Shot by Andrew Ference.
7:52 of 1st period - Stopped by JS Giguere without a rebound.
7:53 of 1st period - Craig Conroy wins face-off versus Jozef Stumpel in Ducks zone.
9:38 of 1st period - Shot by Ladislav Nagy.
9:38 of 1st period - Shot Misses the Net.
9:39 of 1st period - Shot by Sean O'Donnell.
9:39 of 1st period - Shot Misses the Net.
9:44 of 1st period - Shot by Ladislav Nagy.
9:44 of 1st period - Stopped by Ed Belfour with a rebound.
9:55 of 1st period - Shot by Ryan Getzlaf.
9:55 of 1st period - Shot Misses the Net.
10:52 of 1st period - Shot by Stephane Yelle.
10:52 of 1st period - Shot Blocked by Francois Beauchemin.
10:53 of 1st period - Shot by Daymond Langkow.
10:53 of 1st period - Stopped by JS Giguere without a rebound.
10:54 of 1st period - Jarome Iginla wins face-off versus Jozef Stumpel in Ducks zone.
10:57 of 1st period - Shot by Tony Amonte.
10:57 of 1st period - Goal by Tony Amonte.
10:58 of 1st period - Craig Conroy wins face-off versus Jozef Stumpel in neutral zone.
11:09 of 1st period - Shot by Teemu Selanne.
11:09 of 1st period - Shot Misses the Net.
11:10 of 1st period - Shot by Scott Niedermayer.
11:10 of 1st period - Shot Hit the Post.
11:13 of 1st period - Shot by Teemu Selanne.
11:13 of 1st period - Stopped by Ed Belfour without a rebound.
11:14 of 1st period - Ryan Getzlaf wins face-off versus Daymond Langkow in Flames zone.
11:36 of 1st period - Icing by Andrei Zyuzin.
11:37 of 1st period - Jozef Stumpel wins face-off versus Bill Guerin in Flames zone.
12:07 of 1st period - Icing by Andrei Zyuzin.
12:08 of 1st period - Daymond Langkow wins face-off versus Samuel Pahlsson in Flames zone.
12:10 of 1st period - Andrei Zyuzin is hit by Jason Marshall and loses puck.
12:34 of 1st period - Shot by Andy McDonald.
12:34 of 1st period - Stopped by Ed Belfour without a rebound.
12:35 of 1st period - Joe Nieuwendyk wins face-off versus Ryan Getzlaf in Flames zone.
13:00 of 1st period - Shot by Brian Willsie.
13:00 of 1st period - Stopped by JS Giguere without a rebound.
13:01 of 1st period - Craig Conroy wins face-off versus Jozef Stumpel in Ducks zone.
13:30 of 1st period - Shot by Jarome Iginla.
13:30 of 1st period - Shot Misses the Net.
13:33 of 1st period - Shot by Jarome Iginla.
13:33 of 1st period - Shot Misses the Net.
14:24 of 1st period - Shot by Brian Willsie.
14:24 of 1st period - Shot Hit the Post.
14:25 of 1st period - Shot by Joe Nieuwendyk.
14:25 of 1st period - Shot Blocked by Mike Van Ryn.
14:37 of 1st period - Major Penalty to Mike Van Ryn for Kneeing.
14:38 of 1st period - Samuel Pahlsson wins face-off versus Bill Guerin in Ducks zone.
15:13 of 1st period - Shot by Daymond Langkow.
15:13 of 1st period - Shot Misses the Net.
17:21 of 1st period - Icing by Rhett Warrener.
17:22 of 1st period - Todd Marchant wins face-off versus Tony Amonte in Flames zone.
17:27 of 1st period - Shot by Rob Niedermayer.
17:27 of 1st period - Shot Misses the Net.
17:29 of 1st period - Icing by Andrew Ference.
17:30 of 1st period - Daymond Langkow wins face-off versus Todd Marchant in Flames zone.
18:29 of 1st period - Shot by Teemu Selanne.
18:29 of 1st period - Stopped by Ed Belfour without a rebound.
18:30 of 1st period - Joe Nieuwendyk wins face-off versus Todd Marchant in Flames zone.
19:22 of 1st period - Icing by Matthew Lombardi.
19:23 of 1st period - Teemu Selanne wins face-off versus Daymond Langkow in Flames zone.
19:58 of 1st period - Shot by Rob Niedermayer.
19:58 of 1st period - Stopped by Ed Belfour without a rebound.
19:59 of 1st period - Jozef Stumpel wins face-off versus Stephane Yelle in Flames zone.

Period #2

0:01 of 2nd period - Jozef Stumpel wins face-off versus Craig Conroy in neutral zone.
0:03 of 2nd period - Off-side.
0:04 of 2nd period - Craig Conroy wins face-off versus Ladislav Nagy in neutral zone.
0:08 of 2nd period - Alex Tanguay is hit by Mike Van Ryn and loses puck.
0:37 of 2nd period - Mike Van Ryn is hit by Robyn Regehr and loses puck.
0:43 of 2nd period - Shot by Alex Tanguay.
0:43 of 2nd period - Stopped by JS Giguere without a rebound.
0:44 of 2nd period - Daymond Langkow wins face-off versus Jozef Stumpel in Ducks zone.
1:11 of 2nd period - Shot by Andrei Zyuzin.
1:11 of 2nd period - Shot Hit the Post.
1:16 of 2nd period - Shot by Teemu Selanne.
1:16 of 2nd period - Shot Blocked by Daymond Langkow.
2:04 of 2nd period - Andy McDonald is hit by Bryan Marchment and loses puck.
2:16 of 2nd period - Shot by Brian Willsie.
2:16 of 2nd period - Shot Misses the Net.
2:20 of 2nd period - Minor Penalty to Brian Willsie for Elbowing.
2:21 of 2nd period - Chris Kunitz wins face-off versus Jarome Iginla in Ducks zone.
2:38 of 2nd period - Shot by Ladislav Nagy.
2:38 of 2nd period - Shot Misses the Net.
2:39 of 2nd period - Shot by Mike Van Ryn.
2:39 of 2nd period - Shot Misses the Net.
2:40 of 2nd period - Shot by Mike Van Ryn.
2:40 of 2nd period - Stopped by Ed Belfour without a rebound.
2:41 of 2nd period - Jozef Stumpel wins face-off versus Craig Conroy in Flames zone.
2:46 of 2nd period - Shot by Teemu Selanne.
2:46 of 2nd period - Stopped by Ed Belfour without a rebound.
2:47 of 2nd period - Jarome Iginla wins face-off versus Ryan Getzlaf in Flames zone.
3:14 of 2nd period - Shot by Chris Kunitz.
3:14 of 2nd period - Stopped by Ed Belfour without a rebound.
3:15 of 2nd period - Jarome Iginla wins face-off versus Jozef Stumpel in Flames zone.
4:34 of 2nd period - Shot by Travis Green.
4:34 of 2nd period - Stopped by Ed Belfour without a rebound.
4:35 of 2nd period - Ryan Getzlaf wins face-off versus Stephane Yelle in Flames zone.
4:46 of 2nd period - Shot by Ryan Getzlaf.
4:46 of 2nd period - Stopped by Ed Belfour with a rebound.
4:56 of 2nd period - Icing by Jaroslav Modry.
4:57 of 2nd period - Samuel Pahlsson wins face-off versus Stephane Yelle in Flames zone.
5:18 of 2nd period - Shot by Travis Green.
5:18 of 2nd period - Shot Misses the Net.
5:47 of 2nd period - Shot by Jozef Stumpel.
5:47 of 2nd period - Shot Misses the Net.
5:50 of 2nd period - Shot by Chris Kunitz.
5:50 of 2nd period - Stopped by Ed Belfour without a rebound.
5:51 of 2nd period - Ryan Getzlaf wins face-off versus Daymond Langkow in Flames zone.
5:53 of 2nd period - Ladislav Nagy is hit by Andrei Zyuzin and loses puck.
6:08 of 2nd period - Ryan Getzlaf is hit by Andrew Ference and loses puck.
6:54 of 2nd period - Shot by Brian Willsie.
6:54 of 2nd period - Stopped by JS Giguere without a rebound.
6:55 of 2nd period - Samuel Pahlsson wins face-off versus Craig Conroy in Ducks zone.
8:12 of 2nd period - Shot by Joe Nieuwendyk.
8:12 of 2nd period - Shot Misses the Net.
8:43 of 2nd period - Shot by Ladislav Nagy.
8:43 of 2nd period - Shot Hit the Post.
8:46 of 2nd period - Shot by Ryan Getzlaf.
8:46 of 2nd period - Stopped by Ed Belfour without a rebound.
8:47 of 2nd period - Daymond Langkow wins face-off versus Samuel Pahlsson in Flames zone.
9:13 of 2nd period - Andy McDonald is hit by Andrei Zyuzin and loses puck.
9:17 of 2nd period - Shot by Travis Green.
9:17 of 2nd period - Shot Misses the Net.
9:23 of 2nd period - Icing by Tony Amonte.
9:24 of 2nd period - Ryan Getzlaf wins face-off versus Tony Amonte in Flames zone.
9:50 of 2nd period - Minor Penalty to Sean O'Donnell for Charging.
9:51 of 2nd period - Craig Conroy wins face-off versus Todd Marchant in Ducks zone.
10:04 of 2nd period - Shot by Alex Tanguay.
10:04 of 2nd period - Shot Blocked by Scott Niedermayer.
10:07 of 2nd period - Shot by Jarome Iginla.
10:07 of 2nd period - Stopped by JS Giguere without a rebound.
10:08 of 2nd period - Craig Conroy wins face-off versus Samuel Pahlsson in Ducks zone.
11:32 of 2nd period - Icing by Jaroslav Modry.
11:33 of 2nd period - Todd Marchant wins face-off versus Jarome Iginla in Flames zone.
12:24 of 2nd period - Shot by Brian Willsie.
12:24 of 2nd period - Stopped by JS Giguere with a rebound.
12:37 of 2nd period - Shot by Tony Amonte.
12:37 of 2nd period - Stopped by JS Giguere without a rebound.
12:38 of 2nd period - Jozef Stumpel wins face-off versus Stephane Yelle in Ducks zone.
12:49 of 2nd period - Shot by Matthew Lombardi.
12:49 of 2nd period - Shot Misses the Net.
14:11 of 2nd period - Tony Amonte is hit by Jason Marshall and loses puck.
14:25 of 2nd period - Shot by Joe Nieuwendyk.
14:25 of 2nd period - Shot Misses the Net.
14:28 of 2nd period - Shot by Joe Nieuwendyk.
14:28 of 2nd period - Stopped by JS Giguere without a rebound.
14:29 of 2nd period - Ryan Getzlaf wins face-off versus Craig Conroy in Ducks zone.
14:44 of 2nd period - Shot by Alex Tanguay.
14:44 of 2nd period - Stopped by JS Giguere without a rebound.
14:45 of 2nd period - Samuel Pahlsson wins face-off versus Joe Nieuwendyk in Ducks zone.
15:10 of 2nd period - Shot by Samuel Pahlsson.
15:10 of 2nd period - Stopped by Ed Belfour without a rebound.
15:11 of 2nd period - Ryan Getzlaf wins face-off versus Craig Conroy in Flames zone.
15:12 of 2nd period - Shot by Ladislav Nagy.
15:12 of 2nd period - Shot Misses the Net.
15:33 of 2nd period - Shot by Alex Tanguay.
15:33 of 2nd period - Shot Misses the Net.
15:35 of 2nd period - Alex Tanguay is hit by Rob Niedermayer and loses puck.
15:36 of 2nd period - Minor Penalty to Sean O'Donnell for Charging.
15:37 of 2nd period - Daymond Langkow wins face-off versus Samuel Pahlsson in Ducks zone.
17:12 of 2nd period - Shot by Daymond Langkow.
17:12 of 2nd period - Stopped by JS Giguere without a rebound.
17:13 of 2nd period - Todd Marchant wins face-off versus Daymond Langkow in Ducks zone.
17:22 of 2nd period - Shot by Todd Marchant.
17:22 of 2nd period - Shot Misses the Net.
18:18 of 2nd period - Icing by Sean O'Donnell.
18:19 of 2nd period - Craig Conroy wins face-off versus Ryan Getzlaf in Ducks zone.
18:36 of 2nd period - Shot by Alex Tanguay.
18:36 of 2nd period - Stopped by JS Giguere without a rebound.
18:37 of 2nd period - Jozef Stumpel wins face-off versus Stephane Yelle in Ducks zone.
18:47 of 2nd period - Icing by Robyn Regehr.
18:48 of 2nd period - Stephane Yelle wins face-off versus Samuel Pahlsson in Flames zone.
18:50 of 2nd period - Matthew Lombardi is hit by Jason Marshall and loses puck.
19:06 of 2nd period - Shot by Travis Green.
19:06 of 2nd period - Shot Blocked by Robyn Regehr.
19:07 of 2nd period - Shot by Jason Marshall.
19:07 of 2nd period - Shot Misses the Net.
19:08 of 2nd period - Shot by Andy McDonald.
19:08 of 2nd period - Shot Blocked by Robyn Regehr.
19:09 of 2nd period - Shot by Jason Marshall.
19:09 of 2nd period - Stopped by Ed Belfour without a rebound.
19:10 of 2nd period - Jozef Stumpel wins face-off versus Daymond Langkow in Flames zone.
19:12 of 2nd period - Minor Penalty to Andrei Zyuzin for High sticking.
19:13 of 2nd period - Craig Conroy wins face-off versus Jozef Stumpel in Flames zone.
19:38 of 2nd period - Shot by Andy McDonald.
19:38 of 2nd period - Stopped by Ed Belfour with a rebound.

Period #3

0:01 of 3rd period - Jozef Stumpel wins face-off versus Jarome Iginla in neutral zone.
1:00 of 3rd period - Shot by Ladislav Nagy.
1:00 of 3rd period - Shot Misses the Net.
1:10 of 3rd period - Off-side.
1:11 of 3rd period - Craig Conroy wins face-off versus Chris Kunitz in neutral zone.
1:35 of 3rd period - Andy McDonald is hit by Bryan Marchment and loses puck.
2:08 of 3rd period - Major Penalty to Samuel Pahlsson for Kneeing.
2:09 of 3rd period - Todd Marchant wins face-off versus Craig Conroy in neutral zone.
2:19 of 3rd period - Off-side.
2:20 of 3rd period - Todd Marchant wins face-off versus Daymond Langkow in neutral zone.
2:55 of 3rd period - Shot by Tony Amonte.
2:55 of 3rd period - Shot Misses the Net.
2:58 of 3rd period - Shot by Tony Amonte.
2:58 of 3rd period - Shot Blocked by Scott Niedermayer.
3:20 of 3rd period - Icing by Jarome Iginla.
3:21 of 3rd period - Craig Conroy wins face-off versus Teemu Selanne in Flames zone.
4:16 of 3rd period - Shot by Daymond Langkow.
4:16 of 3rd period - Stopped by JS Giguere without a rebound.
4:17 of 3rd period - Teemu Selanne wins face-off versus Daymond Langkow in Ducks zone.
4:38 of 3rd period - Shot by Tony Amonte.
4:38 of 3rd period - Shot Blocked by Francois Beauchemin.
5:07 of 3rd period - Shot by Craig Conroy.
5:07 of 3rd period - Stopped by JS Giguere without a rebound.
5:08 of 3rd period - Craig Conroy wins face-off versus Chris Kunitz in Ducks zone.
6:02 of 3rd period - Minor Penalty to Andrew Ference for Hooking.
6:03 of 3rd period - Ryan Getzlaf wins face-off versus Joe Nieuwendyk in Ducks zone.
6:16 of 3rd period - Shot by Ladislav Nagy.
6:16 of 3rd period - Stopped by Ed Belfour without a rebound.
6:17 of 3rd period - Jozef Stumpel wins face-off versus Daymond Langkow in Flames zone.
6:40 of 3rd period - Shot by Joe Nieuwendyk.
6:40 of 3rd period - Stopped by JS Giguere without a rebound.
6:41 of 3rd period - Ryan Getzlaf wins face-off versus Jarome Iginla in Ducks zone.
6:52 of 3rd period - Shot by Ladislav Nagy.
6:52 of 3rd period - Shot Misses the Net.
6:57 of 3rd period - Shot by Ryan Getzlaf.
6:57 of 3rd period - Shot Misses the Net.
6:58 of 3rd period - Shot by Mike Van Ryn.
6:58 of 3rd period - Stopped by Ed Belfour without a rebound.
6:59 of 3rd period - Craig Conroy wins face-off versus Jozef Stumpel in Flames zone.
7:14 of 3rd period - Shot by Craig Conroy.
7:14 of 3rd period - Stopped by JS Giguere without a rebound.
7:15 of 3rd period - Jozef Stumpel wins face-off versus Craig Conroy in Ducks zone.
8:15 of 3rd period - Off-side.
8:16 of 3rd period - Samuel Pahlsson wins face-off versus Stephane Yelle in neutral zone.
9:14 of 3rd period - Joe Nieuwendyk is hit by Sean O'Donnell and loses puck.
9:40 of 3rd period - Shot by Ryan Getzlaf.
9:40 of 3rd period - Shot Misses the Net.
9:43 of 3rd period - Shot by Ladislav Nagy.
9:43 of 3rd period - Stopped by Ed Belfour without a rebound.
9:44 of 3rd period - Jozef Stumpel wins face-off versus Daymond Langkow in Flames zone.
9:46 of 3rd period - Teemu Selanne is hit by Andrei Zyuzin and loses puck.
10:05 of 3rd period - Major Penalty to Andrei Zyuzin for Checking from behind.
10:05 of 3rd period - Major Penalty to Chris Pronger for Kneeing.
10:06 of 3rd period - Jarome Iginla wins face-off versus Ryan Getzlaf in Flames zone.
10:55 of 3rd period - Shot by Daymond Langkow.
10:55 of 3rd period - Stopped by JS Giguere without a rebound.
10:56 of 3rd period - Craig Conroy wins face-off versus Jozef Stumpel in Ducks zone.
11:03 of 3rd period - Shot by Joe Nieuwendyk.
11:03 of 3rd period - Goal by Joe Nieuwendyk.
11:04 of 3rd period - Jozef Stumpel wins face-off versus Craig Conroy in neutral zone.
11:29 of 3rd period - Shot by Teemu Selanne.
11:29 of 3rd period - Stopped by Ed Belfour without a rebound.
11:30 of 3rd period - Ryan Getzlaf wins face-off versus Craig Conroy in Flames zone.
11:31 of 3rd period - Shot by Ladislav Nagy.
11:31 of 3rd period - Goal by Ryan Getzlaf.
11:32 of 3rd period - Ryan Getzlaf wins face-off versus Daymond Langkow in neutral zone.
11:39 of 3rd period - Shot by Ryan Getzlaf.
11:39 of 3rd period - Shot Misses the Net.
12:30 of 3rd period - Shot by Jarome Iginla.
12:30 of 3rd period - Stopped by JS Giguere with a rebound.
12:41 of 3rd period - Shot by Jarome Iginla.
12:41 of 3rd period - Stopped by JS Giguere with a rebound.
13:01 of 3rd period - Icing by Daymond Langkow.
13:02 of 3rd period - Craig Conroy wins face-off versus Andy McDonald in Flames zone.
13:13 of 3rd period - Shot by Joe Nieuwendyk.
13:13 of 3rd period - Shot Blocked by Samuel Pahlsson.
13:14 of 3rd period - Shot by Joe Nieuwendyk.
13:14 of 3rd period - Shot Blocked by Jason Marshall.
13:15 of 3rd period - Shot by Joe Nieuwendyk.
13:15 of 3rd period - Shot Blocked by Samuel Pahlsson.
13:18 of 3rd period - Shot by Joe Nieuwendyk.
13:18 of 3rd period - Stopped by JS Giguere with a rebound.
14:02 of 3rd period - Icing by Jaroslav Modry.
14:03 of 3rd period - Jarome Iginla wins face-off versus Ryan Getzlaf in Flames zone.
14:32 of 3rd period - Shot by Ladislav Nagy.
14:32 of 3rd period - Stopped by Ed Belfour without a rebound.
14:33 of 3rd period - Jozef Stumpel wins face-off versus Joe Nieuwendyk in Flames zone.
14:34 of 3rd period - Shot by Teemu Selanne.
14:34 of 3rd period - Goal by Teemu Selanne.
14:35 of 3rd period - Jozef Stumpel wins face-off versus Joe Nieuwendyk in neutral zone.
14:54 of 3rd period - Shot by Joe Nieuwendyk.
14:54 of 3rd period - Shot Misses the Net.
14:56 of 3rd period - Icing by Scott Niedermayer.
14:57 of 3rd period - Jarome Iginla wins face-off versus Jozef Stumpel in Ducks zone.
15:04 of 3rd period - Shot by Jarome Iginla.
15:04 of 3rd period - Shot Misses the Net.
15:09 of 3rd period - Shot by Jarome Iginla.
15:09 of 3rd period - Shot Misses the Net.
15:10 of 3rd period - Shot by Rhett Warrener.
15:10 of 3rd period - Stopped by JS Giguere without a rebound.
15:11 of 3rd period - Joe Nieuwendyk wins face-off versus Samuel Pahlsson in Ducks zone.
16:14 of 3rd period - Shot by Ryan Getzlaf.
16:14 of 3rd period - Shot Misses the Net.
16:28 of 3rd period - Minor Penalty to Rob Niedermayer for Tripping.
16:29 of 3rd period - Todd Marchant wins face-off versus Craig Conroy in Ducks zone.
18:48 of 3rd period - Shot by Jussi Jokinen.
18:48 of 3rd period - Shot Misses the Net.
18:49 of 3rd period - Shot by Andrew Ference.
18:49 of 3rd period - Stopped by JS Giguere without a rebound.
18:50 of 3rd period - Jozef Stumpel wins face-off versus Joe Nieuwendyk in Ducks zone.
19:01 of 3rd period - Flames,Ed Belfour is pulled from the net.
19:01 of 3rd period - Shot by Joe Nieuwendyk.
19:01 of 3rd period - Stopped by JS Giguere without a rebound.
19:02 of 3rd period - Ryan Getzlaf wins face-off versus Stephane Yelle in Ducks zone.
19:09 of 3rd period - Shot by Ladislav Nagy.
19:09 of 3rd period - Goal by Ladislav Nagy.
19:09 of 3rd period - Ed Belfour from Flames was sent back in the game.
19:10 of 3rd period - Samuel Pahlsson wins face-off versus Stephane Yelle in neutral zone.
19:27 of 3rd period - Shot by Jussi Jokinen.
19:27 of 3rd period - Shot Blocked by Jason Marshall.
19:28 of 3rd period - Shot by Jaroslav Modry.
19:28 of 3rd period - Shot Misses the Net.
19:29 of 3rd period - Shot by Robyn Regehr.
19:29 of 3rd period - Shot Misses the Net.
19:30 of 3rd period - Shot by Jaroslav Modry.
19:30 of 3rd period - Stopped by JS Giguere without a rebound.
19:31 of 3rd period - Daymond Langkow wins face-off versus Ryan Getzlaf in Ducks zone.
19:35 of 3rd period - Minor Penalty to Bill Guerin for Hooking.
19:36 of 3rd period - Craig Conroy wins face-off versus Ryan Getzlaf in Ducks zone.


Output by the SimonT Hockey Simulator (STHS) for Stephane Roy -- Original Page W3C XHTML 1.0 Valid